Map: 2000 Atmospheres LE

Players

Rob

  • Race: Protoss Protoss

Namshar - Winner!

  • Race: Zerg Zerg

Event: DreamHack SC2 Masters 2021 Fall

VOD

Have the link to the VOD?

Description

Time

  • Played on: Aug. 6, 2021, 5:07 p.m.
  • Length: 11:45

All games in this series

Show
View Real Time Build Order
Export as new Build Order

Rob Protoss 

Build Orders:  

Get SALT Encoding   

  12  0:00  Probe  
  13  0:12  Probe  
  14  0:24  Probe  
  15  0:31  Pylon  
  15  0:49  Gateway  
  15  0:50  Gateway  
  15  0:57  Gateway  
  15  1:07  Gateway  
  15  1:11  Probe  
  16  1:22  Pylon  
  16  1:23  Probe  
  17  1:36  Zealot x2 (Chrono Boost)  
  23  1:49  Zealot (Chrono Boost)  
  27  2:01  Zealot (Chrono Boost)  
  27  2:02  Zealot (Chrono Boost)  
  27  2:05  Zealot (Chrono Boost)  
  29  2:13  Pylon  
  28  2:23  Zealot  
  30  2:31  Zealot x2  
  30  2:35  Zealot  
  32  2:45  Probe  
  33  2:56  Zealot  
  33  2:57  Probe  
  33  2:58  Zealot  
  38  3:09  Probe  
  39  3:15  Zealot  
  39  3:26  Pylon  
  39  3:36  Zealot (Chrono Boost)  
  39  3:37  Cybernetics Core  
  39  3:38  Assimilator  
  39  3:39  Assimilator  
  39  3:44  Probe  
  40  3:57  Probe  
  40  4:01  Zealot x2 (Chrono Boost)  
  41  4:09  Probe  
  42  4:19  Stalker (Chrono Boost)  
  42  4:23  Probe  
  43  4:25  Stalker (Chrono Boost)  
  38  4:36  Probe  
  37  4:39  Stalker (Chrono Boost)  
  39  4:48  Probe  
  34  5:00  Probe  
  34  5:19  Shield Battery, Zealot x2  
  41  5:25  Warp Gate (Chrono Boost)  
  41  5:37  Adept x2  
  41  5:40  Pylon  
  38  6:22  Gateway x2  
  33  6:31  Forge  
  25  6:34  Gateway  
  25  6:35  Gateway  
  25  6:36  Shield Battery  
  25  6:41  Pylon  
  23  7:01  Nexus  
  22  7:10  Probe  
  23  7:17  Stalker  
  23  7:18  Stalker  
  28  7:29  Stalker x2  
  30  7:46  Probe (Chrono Boost)  
  30  7:48  Sentry  
  30  7:50  Nexus  
  33  7:55  Sentry, Probe (Chrono Boost)  
  36  7:59  Sentry  
  36  8:01  Probe  
  39  8:06  Protoss Ground Weapons Level 1 (Chrono Boost)  
  39  8:17  Probe  
  40  8:20  Sentry  
  42  8:30  Probe  
  43  8:37  Twilight Council  
  43  8:42  Probe  
  44  8:52  Pylon  
  44  8:55  Probe (Chrono Boost)  
  45  9:03  Probe (Chrono Boost)  
  47  9:12  Probe x2 (Chrono Boost)  
  47  9:13  Robotics Facility  
  48  9:17  Probe (Chrono Boost)  
  48  9:18  Probe  
  48  9:20  Blink (Chrono Boost)  
  50  9:29  Probe  
  50  9:30  Probe  
  52  9:42  Probe  
  52  9:43  Probe  
  52  9:45  Assimilator  
  54  9:46  Assimilator  
  54  9:58  Nexus  
  54  10:02  Robotics Bay  
  54  10:04  Observer  
  55  10:08  Probe  
  55  10:10  Probe  
  55  10:14  Shield Battery  
  57  10:21  Pylon  
  57  10:23  Probe x2  
  59  10:35  Robotics Facility  
  59  10:36  Probe (Chrono Boost)  
  59  10:38  Probe (Chrono Boost)  
  61  10:48  Probe (Chrono Boost)  
  63  10:50  Disruptor (Chrono Boost)  
  63  10:53  Probe (Chrono Boost)  
  63  10:54  Pylon  
  63  10:55  Probe (Chrono Boost)  
  67  11:00  Probe  
  68  11:06  Gateway  
  68  11:09  Probe  
  69  11:12  Probe  
Show
View Real Time Build Order
Export as new Build Order

Namshar Zerg - Winner!

Build Orders: Hatch First 

Get SALT Encoding   

  12  0:00  Drone  
  13  0:12  Overlord  
  13  0:17  Drone  
  14  0:30  Drone x2  
  16  0:47  Hatchery  
  15  0:50  Drone  
  15  0:53  Drone  
  17  0:57  Drone  
  18  1:07  Extractor  
  17  1:13  Spawning Pool  
  17  1:15  Drone  
  17  1:18  Drone  
  18  1:28  Drone  
  19  1:38  Drone  
  20  1:50  Overlord  
  20  2:00  Queen  
  20  2:01  Spine Crawler  
  21  2:02  Zergling x2, Spine Crawler  
  21  2:03  Zergling x2  
  22  2:08  Spine Crawler  
  22  2:11  Zergling x2  
  23  2:15  Zergling x2  
  24  2:23  Zergling x2  
  24  2:24  Zergling x2  
  22  2:46  Roach Warren  
  21  3:00  Drone  
  21  3:01  Zergling x4  
  22  3:26  Roach  
  22  3:27  Roach x3  
  30  3:34  Overlord  
  29  3:52  Drone  
  29  3:53  Drone x2  
  32  3:55  Drone x2  
  33  4:06  Roach  
  33  4:07  Roach  
  37  4:34  Overlord x2  
  37  4:36  Metabolic Boost  
  34  4:50  Roach x2  
  34  5:00  Zergling x2, Roach  
  35  5:12  Roach x2  
  32  5:30  Zergling x6  
  32  5:33  Queen  
  37  5:39  Zergling x2  
  37  5:40  Zergling x4  
  40  5:50  Zergling x2  
  40  6:07  Hatchery  
  40  6:10  Zergling x10  
  40  6:23  Roach  
  41  6:42  Drone  
  41  6:43  Drone  
  41  6:44  Spore Crawler  
  42  6:56  Drone x4  
  46  7:13  Drone  
  46  7:15  Hatchery  
  46  7:17  Spore Crawler  
  46  7:21  Drone x2  
  47  7:29  Drone  
  48  7:30  Drone x3  
  50  7:37  Overlord  
  50  7:43  Drone x2  
  51  7:56  Drone x7  
  58  8:04  Overlord  
  58  8:09  Lair  
  58  8:14  Evolution Chamber  
  58  8:16  Drone  
  58  8:17  Drone x2  
  58  8:19  Queen  
  60  8:25  Drone x3  
  65  8:29  Drone x2  
  67  8:35  Drone x4  
  71  8:44  Drone x3  
  71  8:46  Zerg Missile Weapons Level 1  
  74  8:49  Extractor  
  74  8:51  Extractor, Overlord x2  
  74  8:53  Spore Crawler  
  74  8:55  Drone  
  72  9:01  Overlord  
  74  9:03  Roach x3  
  74  9:06  Overseer  
  74  9:08  Glial Reconstitution  
  78  9:13  Roach x3  
  78  9:16  Queen  
  86  9:19  Queen  
  88  9:29  Overlord x2  
  88  9:33  Drone x6  
  94  9:43  Drone x4  
  97  9:45  Extractor  
  97  9:47  Extractor  
  95  9:56  Queen  
  97  10:00  Overlord  
  97  10:01  Overlord  
  97  10:02  Drone  
  97  10:03  Drone x2  
  97  10:06  Roach x2  
  104  10:10  Hatchery  
  104  10:11  Overlord x2  
  103  10:16  Extractor  
  103  10:18  Drone x3  
  103  10:20  Ravager x5  
  103  10:21  Ravager  
  111  10:24  Roach x2  
  115  10:30  Roach x4  
  123  10:38  Roach x4  
  131  10:44  Drone  
  131  10:45  Baneling Nest  
  131  10:47  Ravager  
  131  10:48  Ravager  
  133  10:51  Overlord x2  
  133  10:55  Zergling x4  
  135  10:58  Zergling x2  
  135  10:59  Zergling x4  
  139  11:04  Ravager  
  139  11:08  Overlord x2  
  139  11:11  Ravager, Zergling x10  
  140  11:13  Overseer  
  145  11:25  Drone x8  

Tags
 
Add a new tag
Caveats
  • Supply blocks, unpowered buildings, or Contaminate may cause inaccurate times.
  • Supply counts are checked every 10 seconds.